AoeStats
← TM Caesar

Coastal Forest

503685750Analyzed
4v4 RM · 1mo ago on Sep 1, 2026· 43m 30s· 8 players
Game mode
Random Map
Map size
Large (8 player)
Population
200
Speed
Normal
Resources
Standard
Victory
Conquest
Starting age
Dark Age
Ending age
Imperial Age
RankedLock teamsTeams togetherTeam positionsShared explorationLock speedFull tech treeHidden civsTurbo modeCheats
Victory
Defeat
🇨🇭 Mapuche · Switzerland
1821
+10
🇲🇽 Persians · Mexico
1808
+10
🇦🇷 Tupi · Argentina
1516
+23
🇬🇧 Armenians · United Kingdom
1471
+25
🇺🇸 Japanese · United States
1701
-18
🇺🇸 Malay · United States
1679
-17
🇩🇪 Maya · Germany
1668
-17
🇸🇪 Inca · Sweden
1666
-17
busy pushing deer
12:21 Feudal Age
12:35 Double-Bit Axe
17:40 Castle Age
16:02 Gold Mining
16:31 Fishing Lines
17:33 Bow Saw
18:37 Medium Warships
20:59 Wheelbarrow
23:17 Gillnets
24:47 Horse Collar
25:59 Husbandry
28:18 Gold Shaft Mining
27:34 Stone Mining
27:31 Loom
28:02 Hand Cart
27:32 Town Watch
28:54 Scale Barding Armor
33:09 Imperial Age
31:46 Stone Shaft Mining
31:46 Ballistics
33:04 Forging
32:46 Fletching
33:21 Elite Battle Elephant
35:10 Chemistry
36:09 Iron Casting
35:31 Bodkin Arrow
35:22 Elite Skirmisher
36:56 Coinage
38:02 Blast Furnace
38:08 Bracer
38:10 Padded Archer Armor
40:23 Leather Archer Armor
40:44 Banking
40:24 Guilds
41:12 Heavy Plow
42:42 Ring Archer Armor
Rossi
6:05 Loom
8:17 Feudal Age
11:59 Fletching
29:01 Castle Age
28:08 Double-Bit Axe
29:32 Crossbowman
31:05 Bodkin Arrow
34:43 Guard Tower
BF_Xin
0:31 Loom
11:20 Feudal Age
12:02 Double-Bit Axe
15:08 Castle Age
13:31 Fletching
13:35 Stone Mining
14:41 Padded Archer Armor
14:46 Gold Mining
18:00 Bodkin Arrow
22:22 Ballistics
23:24 Leather Archer Armor
28:09 Bow Saw
29:29 Horse Collar
32:52 Heavy Plow
37:51 Imperial Age
35:53 Scale Mail Armor
36:04 Forging
37:16 Chain Mail Armor
37:38 Wheelbarrow
38:12 Iron Casting
37:30 Eagle Warrior
38:12 Squires
37:58 Arson
38:41 Hand Cart
38:28 Elite Eagle Warrior
40:32 Plate Mail Armor
40:56 Conscription
42:35 Blast Furnace
Great Serbia
7:36 Loom
10:10 Feudal Age
10:40 Double-Bit Axe
10:48 Horse Collar
11:15 Champi Runner
14:06 Scale Mail Armor
19:12 Castle Age
17:53 Forging
19:14 Champi Warrior
19:55 Squires
20:36 Wheelbarrow
20:47 Bow Saw
20:54 Gold Mining
21:44 Heavy Plow
23:06 Arson
23:41 Hand Cart
25:01 Chain Mail Armor
26:50 Gold Shaft Mining
27:05 Iron Casting
32:07 Imperial Age
31:20 Stone Mining
32:11 Elite Champi Warrior
33:53 Plate Mail Armor
34:05 Crop Rotation
35:45 Blast Furnace
41:39 Fabric Shields
[SotC] Spirit
5:26 Loom
8:31 Feudal Age
9:26 Double-Bit Axe
9:36 Horse Collar
14:34 Scale Barding Armor
17:05 Bloodlines
17:55 Forging
20:13 Wheelbarrow
23:50 Castle Age
23:52 Gold Mining
23:49 Light Cavalry
24:30 Husbandry
24:51 Chain Barding Armor
25:30 Bow Saw
26:56 Heavy Plow
31:37 Town Watch
34:53 Imperial Age
32:40 Hand Cart
35:40 Iron Casting
36:07 Plate Barding Armor
35:49 Cavalier
40:11 Savar
42:22 Gold Shaft Mining
41:41 Savar
43:39 Blast Furnace
42:46 Stone Mining
mandrews27
7:42 Loom
10:49 Feudal Age
14:40 Castle Age
12:54 Fishing Lines
13:25 Double-Bit Axe
15:55 Bow Saw
17:20 Horse Collar
19:52 Wheelbarrow
20:21 Gold Mining
20:31 Stone Mining
21:38 Hand Cart
23:05 Fletching
23:28 Padded Archer Armor
25:16 Bodkin Arrow
26:16 Ballistics
25:46 Town Watch
26:31 Leather Archer Armor
26:19 Gold Mining
27:56 Coinage
28:26 Heavy Plow
27:52 Pikeman
34:05 Imperial Age
33:50 Squires
34:03 Forging
33:53 Scale Mail Armor
34:47 Bracer
34:34 Elite Composite Bowman
34:37 Capped Ram
36:33 Conscription
37:49 Chemistry
37:17 Siege Ram
38:59 Ring Archer Armor
40:42 Banking
40:59 Man-at-Arms
41:25 Gambesons
41:46 Scale Mail Armor
42:21 Iron Casting
41:35 Arson
43:02 Long Swordsman
43:57 Masonry
44:04 Chain Mail Armor
44:50 Blast Furnace
TM Caesar
8:36 Loom
10:22 Feudal Age
11:55 Double-Bit Axe
14:32 Castle Age
13:09 Horse Collar
19:21 Fletching
20:35 Bodkin Arrow
22:05 Padded Archer Armor
23:14 Bow Saw
24:34 Wheelbarrow
24:34 Leather Archer Armor
25:15 Gold Mining
26:34 Ballistics
26:52 Hand Cart
27:32 Caciques
28:25 Heavy Plow
32:57 Imperial Age
31:53 Gold Shaft Mining
31:11 Town Watch
32:10 Treadmill Crane
32:37 Stone Mining
33:02 Elite Blackwood Archer
34:09 Conscription
34:03 Bracer
35:28 Chemistry
36:02 Two-Man Saw
36:33 Hoardings
38:12 Ring Archer Armor
38:08 Scale Mail Armor
38:19 Forging
39:42 Curare
40:33 Murder Holes
43:57 Squires
[BÜN] Schmirgel
5:53 Loom
8:22 Feudal Age
9:03 Double-Bit Axe
12:44 Fletching
14:37 Double-Bit Axe
17:57 Town Watch
18:35 Padded Archer Armor
23:01 Castle Age
22:58 Padded Archer Armor
23:04 Horse Collar
23:39 Bodkin Arrow
23:18 Crossbowman
25:54 Ballistics
30:54 Bow Saw
32:28 Wheelbarrow
33:51 Gold Mining
34:03 Heavy Plow
37:48 Imperial Age
36:37 Leather Archer Armor
37:24 Masonry
36:45 Pikeman
37:16 Stone Mining
38:06 Gold Shaft Mining
39:01 Ring Archer Armor
37:55 Elite Bolas Rider
39:37 Chemistry
41:29 Architecture
41:29 Malon
41:39 Butalmapu
41:56 Conscription
42:09 Treadmill Crane
44:13 Siege Engineers
Connection lost

Rejoining the realm…

Still unreachable

The connection could not be restored.

Session expired

The server has moved on; the page needs a fresh start.